 Dungeon Crawl Stone Soup version 0.21-a0-349-g0c35859 (webtiles) character file.

185 vishdafish the Skirmisher (level 5, -3/41 HPs)
             Began as a Demonspawn Fighter on Oct 7, 2017.
             Was an Initiate of Nemelex Xobeh.
             Slain by Grinder (6 damage)
             ... on level 3 of the Dungeon.
             The game lasted 00:04:01 (2141 turns).

vishdafish the Skirmisher (Demonspawn Fighter)      Turns: 2141, Time: 00:04:02

Health: -3/41      AC:  9    Str: 21    XL:     5   Next: 37%
Magic:  6/6        EV:  8    Int: 11    God:    Nemelex Xobeh [......]
Gold:   89         SH:  9    Dex: 12    Spells: 4/4 levels left

rFire    . . .     SeeInvis .   a - +0 long sword
rCold    . . .     Gourm    .   c - +0 shield
rNeg     . . .     Faith    .   b - +0 scale mail
rPois    .         Spirit   .   (no helmet)
rElec    .         Reflect  .   (no cloak)
rCorr    .         Harm     .   (no gloves)
MR       .....                  (no boots)
Stlth    ..........             (no amulet)
HPRegen  0.13/turn              (no ring)
MPRegen  0.10/turn              (no ring)

@: mighty
A: claws 1, molten scales 2
a: Renounce Religion


You were on level 3 of the Dungeon.
You worshipped Nemelex Xobeh.
Nemelex Xobeh was noncommittal.
You were not hungry.

You visited 1 branch of the dungeon, and saw 3 of its levels.

You collected 89 gold pieces.

Inventory:

Hand Weapons
 a - a +0 long sword (weapon)
Armour
 b - a +0 scale mail (worn)
 c - a +0 shield (worn)
Scrolls
 e - a scroll of noise {unknown}
 i - a scroll of enchant armour {unknown}
 j - 3 scrolls of identify {unknown}
 l - a scroll of random uselessness {unknown}
 m - 2 scrolls of teleportation {unknown}
 n - a scroll of immolation {unknown}
Potions
 g - a potion of curing {unknown}
 k - a potion of brilliance {unknown}
 o - 3 potions of flight {unknown}
 p - a potion of ambrosia {unknown}
 r - 2 potions of heal wounds {unknown}
Miscellaneous
 q - a plain deck of summoning
 t - an ornate deck of escape
Comestibles
 f - 2 bread rations
 h - 3 meat rations
 s - 5 chunks of flesh


   Skills:
 + Level 3.6 Fighting
 * Level 3.1 Long Blades
 + Level 3.3 Armour
 * Level 1.4 Dodging
 + Level 3.2 Shields
 * Level 1.8 Invocations


You had 4 spell levels left.
You didn't know any spells.

Dungeon Overview and Level Annotations

Branches:
Dungeon (3/15)

Altars:
Nemelex Xobeh
Qazlal
Wu Jian

Annotations:
D:3 Grinder


Innate Abilities, Weirdness & Mutations

You have sharp fingernails.
You are mostly covered in molten scales. (AC +3)


Message History

Grinder hits you but does no damage. Grinder hits you.
You writhe in agony.
Grinder hits you.
You writhe in agony.
Grinder gestures at you. Pain shoots through your body!
* * * LOW HITPOINT WARNING * * *
You can move again.
You are too injured to fight recklessly!
You feel very mighty all of a sudden. Grinder closely misses you.
You slash Grinder!
Grinder is moderately wounded.
Grinder closely misses you.
You slash Grinder!
Grinder is heavily wounded.
Grinder hits you!
* * * LOW HITPOINT WARNING * * *
You writhe in agony.
You die...
Your body disappears without a glow.

.# #.# . #.#
...#####.#
.......#.#
#..###.#.#######..
......<...........
#.....##.#.###### #
....##...#.# ####.#
[........#.####.@5.#
.......#.#....#.####
.....###.#....#.#
..#..# #.#....#.#
.##..# #......#.#
.###.# #....###.#
.....# #....# #.#
.###..##....# #.# .#
##.##.>..###.#


You could see Grinder.

Vanquished Creatures
  Jessica (D:3)
  A hound skeleton (D:2)
  4 gnolls (D:2)
  4 adders (D:3)
  A worm (D:2)
  3 dart slugs
  7 orcs (D:3)
  3 bats
  A giant cockroach (D:1)
  8 goblins
  7 hobgoblins
  7 jackals (D:1)
  5 kobolds
  A ball python (D:2)
  2 frilled lizards
  9 rats
64 creatures vanquished.

Notes
Turn   | Place    | Note
-------+----------+-------------------------------------------
     0 | D:1      | vishdafish the Demonspawn Fighter began the quest for the Orb.
     0 | D:1      | Reached XP level 1. HP: 18/18 MP: 1/1
    64 | D:1      | Gained mutation: You are partially covered in molten scales. (AC +2) [demonic ancestry]
    64 | D:1      | Reached XP level 2. HP: 16/24 MP: 2/2
   440 | D:1      | Gained mutation: You are mostly covered in molten scales. (AC +3) [demonic ancestry]
   440 | D:1      | Reached XP level 3. HP: 29/29 MP: 3/3
  1072 | D:2      | Reached XP level 4. HP: 30/35 MP: 4/4
  1084 | D:2      | Found a sparkling altar of Nemelex Xobeh.
  1112 | D:2      | Became a worshipper of Nemelex Xobeh the Trickster
  1141 | D:2      | Found an ornate altar of the Wu Jian Council.
  1158 | D:2      | Received a gift from Nemelex Xobeh
  1651 | D:2      | Found a stormy altar of Qazlal.
  1811 | D:3      | Reached skill level 1 in Dodging
  1811 | D:3      | Reached skill level 1 in Invocations
  1859 | D:3      | Noticed Jessica
  1868 | D:3      | Killed Jessica
  1868 | D:3      | Gained mutation: You have sharp fingernails. [demonic ancestry]
  1868 | D:3      | Reached XP level 5. HP: 30/41 MP: 4/6
  2099 | D:3      | Received a gift from Nemelex Xobeh
  2131 | D:3      | Noticed Grinder
  2134 | D:3      | Paralysed by Grinder for 5 turns
  2141 | D:3      | Slain by Grinder

Vault maps used:
D:1:      eino_arrival_tree_alley, kennysheep_boxes
D:2:      lemuel_doored_altar, nemelex_xobeh_ov_fountains_minmay,
          grunt_qazlal_clouds
D:3:      zin_statuary, eat_drink_and_be_merry_uskayaw, uniq_jessica,
          uniq_grinder

Skill      XL: |  1  2  3  4 |
---------------+-------------+-----
Armour         | 3 |  3.3
Long Blades    | 2 3 |  3.1
Shields        | 3 |  3.2
Dodging        | 1 |  1.4
Invocations    | 1 |  1.8
Fighting       | |  3.6

Action                   |  1- 3 |  4- 6 || total
-------------------------+-------+-------++-------
Melee: Long sword        |   172 |   141 ||   313
  Use: Potion            |       |     1 ||     1
  Eat: Chunk             |     1 |     4 ||     5
Armor: Scale mail        |   103 |    71 ||   174
Dodge: Dodged            |    45 |    54 ||    99
Block: Shield            |    90 |    84 ||   174
       Rpst.: Long sword |    14 |    12 ||    26

Table legend:
 A = Spawn XP
 B = Non-spawn XP
 C = Spawn XP percentage of total XP
 D = Spawn monster count
 E = Non-spawn monster count
 F = Spawn count percentage of total count
 G = Total turns spent on level
                    A         B        C        D         E        F      G
               +---------+---------+-------+---------+---------+-------+---------
         Total |       0 |     265 |   0.0 |       0 |      64 |   0.0 |  2141
               +---------+---------+-------+---------+---------+-------+---------
           D:1 |       0 |      43 |   0.0 |       0 |      22 |   0.0 |   701
           D:2 |       0 |     107 |   0.0 |       0 |      26 |   0.0 |  1078
           D:3 |       0 |     115 |   0.0 |       0 |      16 |   0.0 |   362
               +---------+---------+-------+---------+---------+-------+---------
